Cogmind - Beta 11 @@@ ROGUE MODE // 2022.03.26 @ 22:32:26 Player: Rentaro Result: Destroyed by Y-54 Guardian with Flak Gun Performance ------------- Evolutions (4) 2000 Regions Visited (6) 1200 Robots Destroyed (84) 420 Value Destroyed (1858) 1858 Prototype IDs (19) 380 Alien Tech Used (0) 0 Bonus (407) 407 TOTAL SCORE: 6265 Bonus ------- High Alert Combat Kills 118 Follower Combat Kills 289 Cogmind --------- Core Integrity 0/850 Matter 199/300 Energy 100/100 System Corruption 2% Temperature Cool (6) Movement Flying (40) Location -6/Factory Parts ------- > --- POWER (1) -------- (None) > --- PROPULSION (2) --- Biomechanical Wings > --- UTILITY (10) ----- Melee Analysis Suite Advanced Melee Analysis Suite Improved Hacking Suite Advanced Hacking Suite Advanced Hacking Suite System Shield System Shield > --- WEAPON (2) ------- (None) > --- INVENTORY (5) ---- Cesium-ion Thruster Advanced Sensor Array Improved Reaction Control System Improved Reaction Control System Remote Datajack Peak State ------------ > --- POWER ------------ (None) > --- PROPULSION ------- Cooled VTOL Module Nuclear Pulse Thruster > --- UTILITY ---------- Melee Analysis Suite Improved Hacking Suite Advanced Hacking Suite Advanced Hacking Suite Advanced Hacking Suite System Shield System Shield System Shield > --- WEAPON ----------- (None) > --- INVENTORY -------- Biomechanical Wings Advanced Sensor Array Improved Reaction Control System Improved Reaction Control System Remote Datajack [Rating: 47] Favorites ----------- Power Ion Engine Engine Ion Engine Power Core Light Nuclear Core Propulsion Wheel Wheel Wheel Flight Unit Improved Flight Unit Utility System Shield Device Structural Scanner Storage Large Storage Unit Processor Visual Processing Unit Hackware System Shield Weapon Assault Cannon Energy Cannon Beam Cannon Ballistic Gun Assault Rifle Ballistic Cannon Assault Cannon Special Weapon Remote Datajack Impact Weapon Flail Slashing Weapon Mining Claw Piercing Weapon Spear Build | -11 -10 -9 -9 -9 -7 -6 ------- Run | Scr Mat Mat Sto Rec Fac Fac Slots Evolved 8 | . . 2 . . 4 2 Power . | . . . . . . . Propulsion . | . . . . . . . Utility 8 | . . 2 . . 4 2 Weapon . | . . . . . . . Parts Attached 96 | 7 13 30 6 1 22 17 Power 14 | 2 . 8 3 . 1 . Engine 10 | 2 . 5 3 . . . Core 4 | . . 3 . . 1 . Reactor . | . . . . . . . Propulsion 28 | 2 4 7 2 . 6 7 Treads . | . . . . . . . Leg . | . . . . . . . Wheel 11 | 2 4 5 . . . . Hover . | . . . . . . . Flight 17 | . . 2 2 . 6 7 Utility 33 | 1 4 7 . 1 10 10 Device 9 | . 3 2 . 1 2 1 Storage 2 | 1 1 . . . . . Processor 8 | . . 2 . . 2 4 Hackware 14 | . . 3 . . 6 5 Protection . | . . . . . . . Artifact . | . . . . . . . Weapon 21 | 2 5 8 1 . 5 . Energy Gun . | . . . . . . . Energy Cannon 4 | . 3 1 . . . . Ballistic Gun 2 | 2 . . . . . . Ballistic Cannon 8 | . 2 6 . . . . Launcher . | . . . . . . . Special Weapon 1 | . . . . . 1 . Impact Weapon 2 | . . 1 . . 1 . Slashing Weapon 1 | . . . 1 . . . Piercing Weapon 3 | . . . . . 3 . Special Melee Weapon . | . . . . . . . Unidentified Prototypes 7 | . . 2 2 . 2 1 Parts Lost 41 | . . 14 . . 7 20 Power 5 | . . 3 . . 1 1 Propulsion 16 | . . 6 . . 2 8 Utility 15 | . . 2 . . 3 10 Weapon 5 | . . 3 . . 1 1 Highest Loss Streak 6 | . . 4 . . 4 6 To Critical Strikes . | . . . . . . . Average Slot Usage (%) 82 | . 97 84 88 88 80 64 Engine 4 | . 14 1 4 11 1 . Core 3 | . . 6 6 . . 2 Wheel 10 | . 28 18 . . . . Flight 9 | . . 1 22 22 14 12 Device 6 | . 13 10 . 5 5 . Storage 5 | . 14 10 . . . . Processor 7 | . . 12 11 5 5 6 Hackware 20 | . . 1 33 33 41 36 Energy Cannon 2 | . 10 . . . . . Ballistic Gun 1 | . 7 . . . . . Ballistic Cannon 6 | . 8 20 . . . . Slashing Weapon 1 | . . . 7 11 . . Piercing Weapon 2 | . . . . . 6 4 Naked Turns . | . . . . . . . Heaviest Build 36 | 14 33 36 7 8 10 10 Greatest Support 26 | 26 26 26 10 10 12 11 Greatest Overweight (x) 10 | 2 1 10 . . . 1 Average Overweight (x) . | . . 1 . . . . Largest Inventory Capacity 15 | 8 15 15 5 5 5 5 Average Capacity 8 | 7 11 14 5 5 5 5 Most Carried 15 | 6 13 15 5 5 5 5 Average Carried 7 | 2 6 13 4 5 4 4 Final Capacity 15 | 8 15 5 5 5 5 5 Final Carried 13 | 2 13 4 5 5 5 5 Class Distribution -------------------- 29% | Mutant 27% | Hacker-Mutant 21% | Wizard-Mutant 14% | Scavenger-Mutant 6% | Hacker-Sprinter Dominant Class ---------------- Mutant | -10/Materials Scavenger-Mutant | -9/Materials Hacker-Mutant | -9/Storage Hacker-Mutant | -9/Recycling Wizard-Mutant | -7/Factory Wizard-Mutant | -6/Factory Resources | -11 -10 -9 -9 -9 -7 -6 ----------- Run | Scr Mat Mat Sto Rec Fac Fac Matter Collected 2208 | 257 356 1081 218 43 193 60 Remotely . | . . . . . . . Salvage Created 2319 | . 482 1171 340 37 210 79 Parts 175 | . 34 90 24 6 15 6 Haulers Intercepted 8 | . . 6 2 . . . Recyclers Shooed 4 | . . 2 2 . . . Parts Field Recycled . | . . . . . . . Retrieved Matter . | . . . . . . . Parts Self-Destructed . | . . . . . . . Prevented . | . . . . . . . Kills | -11 -10 -9 -9 -9 -7 -6 ------- Run | Scr Mat Mat Sto Rec Fac Fac Combat Hostiles Destroyed 45 | . 9 28 3 . 2 3 Melee 7 | . . . 2 . 2 3 Guns 4 | . 4 . . . . . Cannons 33 | . 5 28 . . . . Classes Destroyed 13 | . 6 5 1 . 1 . Worker 2 | . . 2 . . . . Builder 14 | . 3 5 4 2 . . Hauler 8 | . . 6 2 . . . Recycler 2 | . 1 . . . 1 . Mechanic 1 | . . . 1 . . . Operator 4 | . 1 2 . . 1 . Watcher 8 | . 2 4 1 . 1 . Swarmer 13 | . 3 6 1 . . 3 Grunt 17 | . 6 11 . . . . Brawler 1 | . . 1 . . . . Duelist 1 | . . 1 . . . . Sentry 11 | . . 9 2 . . . Programmer 2 | . . . . . 2 . Best Kill Streak 9 | . 4 9 5 1 2 3 Combat Bots Only 4 | . 3 4 1 . 1 3 Max Kills in Single Turn 2 | . 2 2 1 1 1 1 Gunslinging . | . . . . . . . Exploded . | . . . . . . . Melee 1 | . . . 1 . 1 1 Uniques/NPCs Destroyed . | . . . . . . . Combat | -11 -10 -9 -9 -9 -7 -6 -------- Run | Scr Mat Mat Sto Rec Fac Fac Damage Taken 3963 | . 383 1288 158 . 730 1404 Core 1596 | . 112 222 75 . 336 851 Absorbed by Shields 38 | . . . . . 34 4 Regen/Repaired (Parts) 38 | . . . . . 38 . Core Remaining (%) 58 | 100 55 . . 25 52 . Volleys Fired 166 | . 60 106 . . . . Largest 2 | . 2 2 . . . . Hottest 128 | . 128 88 . . . . Shots Fired 313 | . 105 208 . . . . Gun 59 | . 59 . . . . . Cannon 254 | . 46 208 . . . . Launcher . | . . . . . . . Special . | . . . . . . . Kinetic 276 | . 68 208 . . . . Thermal 37 | . 37 . . . . . Explosive . | . . . . . . . Electromagnetic . | . . . . . . . Robot Hit Streak 14 | . 13 14 . . . . Robot Miss Streak 5 | . 5 3 . . . . Penetration Max . | . . . . . . . Secondary Targets . | . . . . . . . Shots Hit Robots 201 | . 48 109 18 5 11 10 Core Hits 90 | . 24 50 6 2 5 3 Critical Kills . | . . . . . . . Critical Parts Destroyed 3 | . . 1 2 . . . Critical Strikes 10 | . . 5 2 . 2 1 Blast 4 | . . 4 . . . . Smash 3 | . . 1 2 . . . Impale 3 | . . . . . 2 1 Melee Attacks 135 | . . 5 33 7 38 52 Impact 26 | . . 5 17 . 4 . Slashing 26 | . . . 16 7 3 . Piercing 83 | . . . . . 31 52 Sneak Attacks 16 | . . 2 9 3 2 . Combat Hostiles 2 | . . . 2 . . . Follow-up Attacks . | . . . . . . . Damage Inflicted 5458 | . 768 2888 815 204 456 327 Guns 340 | . 340 . . . . . Cannons 3057 | . 428 2629 . . . . Explosions . | . . . . . . . Melee 2061 | . . 259 815 204 456 327 Ramming . | . . . . . . . Kinetic 3079 | . 450 2629 . . . . Thermal 318 | . 318 . . . . . Explosive . | . . . . . . . Electromagnetic . | . . . . . . . Impact 605 | . . 259 346 . . . Slashing 673 | . . . 469 204 . . Piercing 783 | . . . . . 456 327 Highest Corruption 2 | . . 2 2 2 2 2 Average Corruption 1 | . . 2 2 2 1 1 Corruption Purged . | . . . . . . . Corruption Blocked . | . . . . . . . Effects 38 | . . 16 3 2 11 6 Message Errors 6 | . . 4 . . 1 1 Matter Fused 14 | . . 5 2 2 3 2 Heat Flow Errors 2 | . . . . . 1 1 Energy Discharges 4 | . . 1 . . 3 . Data Loss (minor) 7 | . . 2 1 . 2 2 Misfires 2 | . . 2 . . . . Alerts 1 | . . . . . 1 . Weapon Failures 2 | . . 2 . . . . Overload Shots . | . . . . . . . Overflow Damage 408 | . . 124 148 20 98 18 Projectiles 21 | . . 21 . . . . Explosions . | . . . . . . . Melee 387 | . . 103 148 20 98 18 Knockbacks 27 | . . 26 1 . . . Impact 1 | . . . 1 . . . Kinetic 24 | . . 24 . . . . Secondary 2 | . . 2 . . . . Self-Inflicted Damage . | . . . . . . . Shots . | . . . . . . . Rammed . | . . . . . . . Targets Rammed . | . . . . . . . Kicked . | . . . . . . . Crushed . | . . . . . . . Highest Temperature 267 | . 219 267 . . 196 262 Average Temperature 67 | . 63 67 . . 98 118 Received Heat Transfer 927 | . 219 414 36 . 99 159 Effects 2 | . . 2 . . . . Interference 2 | . . 2 . . . . Siege Activations . | . . . . . . . Robots Corrupted . | . . . . . . . Combat Hostiles . | . . . . . . . Parts Fried 8 | . . 1 7 . . . Impact Corruptions 8 | . . 2 6 . . . Robots Melted . | . . . . . . . Combat Hostiles . | . . . . . . . Parts Melted . | . . . . . . . Heat Transferred 629 | . 629 . . . . . Parts Sabotaged . | . . . . . . . Parts Stolen . | . . . . . . . Parts Stripped . | . . . . . . . Power Chain Reactions . | . . . . . . . Missiles Intercepted . | . . . . . . . Alert | -11 -10 -9 -9 -9 -7 -6 ------- Run | Scr Mat Mat Sto Rec Fac Fac Peak Influence 957 | . 199 532 653 243 957 413 Initial 925 | . . 24 202 162 925 21 Average 288 | . 62 316 428 110 554 217 Maximum Alert Level 3 | . . 2 2 1 3 2 Low Security (%) 44 | 100 100 28 . 86 17 44 Level 1 25 | . . 31 45 13 4 54 Level 2 24 | . . 39 54 . 45 1 Level 3 6 | . . . . . 32 . Level 4 . | . . . . . . . Level 5 . | . . . . . . . High Security . | . . . . . . . Max Security . | . . . . . . . Squads Dispatched 27 | . 2 3 2 . 8 12 Investigation 16 | . 1 1 1 . 6 7 Extermination 3 | . . . . . 2 1 Reinforcement 5 | . 1 2 . . . 2 Assault 1 | . . . . . . 1 Garrison 2 | . . . 1 . . 1 Intercept . | . . . . . . . Searches Triggered 2 | . . . . . 2 . Construction Impeded . | . . . . . . . Haulers Reinforced . | . . . . . . . Active Scanning Responses . | . . . . . . . Cargo Convoy Interrupts . | . . . . . . . Stealth | -11 -10 -9 -9 -9 -7 -6 --------- Run | Scr Mat Mat Sto Rec Fac Fac Distress Signals 9 | . 2 1 1 . 2 3 Communications Jammed . | . . . . . . . Distress Signals . | . . . . . . . Times Spotted 207 | . 28 45 23 11 39 61 Peak Tracking Total 14 | . 4 5 8 6 14 14 Tactical Retreats 38 | . 2 2 5 . 11 18 Traps | -11 -10 -9 -9 -9 -7 -6 ------- Run | Scr Mat Mat Sto Rec Fac Fac Traps Triggered 10 | . 1 3 . . 5 1 Indirectly . | . . . . . . . Trap Hack Attempts . | . . . . . . . Triggered . | . . . . . . . Disarmed . | . . . . . . . Reprogrammed 2 | . . . . . . 2 Reused 1 | . . . . . . 1 Traps Extracted . | . . . . . . . Installed . | . . . . . . . Triggered 1 | . . . . . . 1 Machines | -11 -10 -9 -9 -9 -7 -6 ---------- Run | Scr Mat Mat Sto Rec Fac Fac Machines Disabled 4 | . . 2 1 . . 1 Max in Single Turn 1 | . . 1 1 . . . Garrison Access 1 | . . . . . . 1 Machines Sabotaged . | . . . . . . . Garrisons Compromised . | . . . . . . . Overloaded Fab Kills . | . . . . . . . Hacking | -11 -10 -9 -9 -9 -7 -6 --------- Run | Scr Mat Mat Sto Rec Fac Fac Machines Accessed 67 | . 6 7 12 3 20 19 Terminals 52 | . 6 7 11 3 12 13 Fabricators 11 | . . . . . 6 5 Repair Stations 1 | . . . . . 1 . Recycling Units . | . . . . . . . Scanalyzers . | . . . . . . . Garrison Access 3 | . . . 1 . 1 1 Total Hacks 299 | . 17 16 44 25 95 102 Successful 146 | . 5 3 21 9 44 64 Failed 152 | . 12 13 23 16 51 37 Catastrophic 29 | . 4 2 3 4 12 4 Database Lockouts 1 | . . . . . . 1 Manual 100 | . 10 11 10 16 31 22 Terminals 266 | . 17 16 41 25 78 89 Fabricators 23 | . . . . . 13 10 Repair Stations 3 | . . . . . 3 . Recycling Units . | . . . . . . . Scanalyzers . | . . . . . . . Garrison Access 7 | . . . 3 . 1 3 Terminal Hacks 108 | . 4 1 19 8 28 48 Part Schematic 4 | . . . . . 1 3 Robot Schematic 2 | . . . . . 1 1 Prototype ID Bank 7 | . . . . 1 . 6 Open Door 4 | . . . 4 . . . Level Access Points 2 | . . . . . 1 1 Branch Access Points 3 | . 1 . 1 . . 1 Emergency Access Points 4 | . 1 . . . . 3 Machine Index 1 | . . . . . . 1 Terminal Index 4 | . . . 1 1 1 1 Fabricator Index 1 | . . . . . 1 . Alert Level 9 | . . . 1 . 3 5 Unreport Threat 21 | . 2 1 3 2 9 4 Locate Traps 12 | . . . 3 . 3 6 Reprogram Traps 2 | . . . . . . 2 Dispatch Records 1 | . . . . . . 1 Patrol Status 3 | . . . . 1 . 2 Investigation Status 2 | . . . 1 1 . . Reinforcement Status 2 | . . . 1 1 . . Recall Investigation 5 | . . . . . 4 1 Recall Assault 2 | . . . . . 1 1 Hauler Manifests 2 | . . . 2 . . . Registered Components 4 | . . . 1 1 1 1 Registered Prototypes 2 | . . . . . 1 1 Zone Layout 9 | . . . 1 . 1 7 Fabricator Hacks 22 | . . . . . 12 10 Load Schematic 11 | . . . . . 6 5 Build 11 | . . . . . 6 5 Repair Station Hacks 2 | . . . . . 2 . Scan Component 1 | . . . . . 1 . Repair 1 | . . . . . 1 . Recycling Unit Hacks . | . . . . . . . Scanalyzer . | . . . . . . . Garrison Access Hacks 1 | . . . . . . 1 Coupler Status 1 | . . . . . . 1 Unauthorized Hacks 13 | . 1 2 2 1 2 5 Terminals 10 | . 1 2 . 1 2 4 Assimilate 5 | . . 1 . . 1 3 Operators 5 | . 1 1 . 1 1 1 Fabricators . | . . . . . . . Repair Stations . | . . . . . . . Recycling Units . | . . . . . . . Scanalyzers . | . . . . . . . Garrison Access 3 | . . . 2 . . 1 Reprogram 2 | . . . 1 . . 1 Watchers 1 | . . . 1 . . . Data Cores Recovered 1 | . . . . . 1 . Used 1 | . . . . . 1 . Hacking Detections 56 | . 5 7 6 3 19 16 Full Trace Events 15 | . . 2 . 1 6 6 Feedback Events 2 | . . . . . . 2 Hackware Fried 2 | . . . . . . 2 Feedback Blocked . | . . . . . . . Robot Schematics Acquired 2 | . . . . . 1 1 Robots Built 2 | . . . . . 2 . Authchips . | . . . . . . . Time 232 | . . . . . 116 116 Total Robot Build Rating 6 | . . . . . 6 . Part Schematics Acquired 4 | . . . . . 1 3 Parts Built 9 | . . . . . 5 4 Authchips . | . . . . . . . Time 544 | . . . . . 279 265 Total Part Build Rating 39 | . . . . . 15 24 Parts Repaired 1 | . . . . . 1 . Time 22 | . . . . . 22 . Parts Recycled . | . . . . . . . Recycled Matter . | . . . . . . . Retrieved Matter . | . . . . . . . Retrieved Components . | . . . . . . . Parts Scanalyzed . | . . . . . . . Part Schematics Acquired . | . . . . . . . Parts Damaged . | . . . . . . . Bothacking | -11 -10 -9 -9 -9 -7 -6 ------------ Run | Scr Mat Mat Sto Rec Fac Fac Used RIF Installer . | . . . . . . . Robots Hacked . | . . . . . . . Non-combat . | . . . . . . . Combat . | . . . . . . . Robot Hacks Applied . | . . . . . . . Relay Couplers Released 2 | . . . . . . 2 Machine Destruction 2 | . . . . . . 2 Fabnet Peak Effective % . | . . . . . . . Robots Rewired . | . . . . . . . Allies Hacked 1 | . . . . . . 1 Hacks Repelled . | . . . . . . . Allies | -11 -10 -9 -9 -9 -7 -6 -------- Run | Scr Mat Mat Sto Rec Fac Fac Total Allies 10 | . . 1 2 . 3 4 Largest Group 4 | . . 1 2 2 3 4 Highest-Rated Group 127 | . . 10 110 110 66 127 Highest-Rated Ally 100 | . . 10 100 95 26 41 Total Orders 1 | . . . . . . 1 STAY 1 | . . . . . . 1 Ally Attacks 58 | . . . 24 10 1 23 Total Damage 1784 | . . . 693 88 30 973 Kills 18 | . . . 11 3 . 4 Allies Corrupted . | . . . . . . . Allies Melted . | . . . . . . . Intel | -11 -10 -9 -9 -9 -7 -6 ------- Run | Scr Mat Mat Sto Rec Fac Fac Robot Analysis Total . | . . . . . . . Derelict Logs Recovered . | . . . . . . . Drone Launches . | . . . . . . . Drone Recoveries . | . . . . . . . Exploration | -11 -10 -9 -9 -9 -7 -6 ------------- Run | Scr Mat Mat Sto Rec Fac Fac Turns Passed 5306 | 74 984 1370 501 295 1001 1081 Spaces Moved 7212 | 72 677 937 777 379 1904 2466 Core 48 | 26 . 6 . . . 16 Treads . | . . . . . . . Legs . | . . . . . . . Wheels 1522 | 46 677 799 . . . . Hover . | . . . . . . . Flight 5642 | . . 132 777 379 1904 2450 Fastest Speed 32 | 50 90 32 32 37 32 34 Average Speed 48 | 82 97 94 36 37 33 34 Slowest Speed 550 | 150 105 550 37 37 40 110 Overloaded Moves . | . . . . . . . Propulsion Burnouts . | . . . . . . . Robots Hopped 47 | . . 3 5 1 22 16 Cave-ins Triggered . | . . . . . . . Exploration Rate (%) 66 | 3 94 87 94 86 45 57 Regions Visited 6 Branch Regions 2 Pre-discovered Areas . | . . . . . . . Known Exits Taken 2 | . . . 1 . 1 . Unknown Exits Taken 4 | 1 1 1 . 1 . . Scrap Searched . | . . . . . . . Spaces Dug 66 | . . 10 8 . 16 32 Terrain Destroyed 94 | . . 38 8 . 16 32 Melee 57 | . . 1 8 . 16 32 Projectile 37 | . . 37 . . . . AOE . | . . . . . . . Terrain Rammed . | . . . . . . . Walls Destroyed . | . . . . . . . Machines Disabled . | . . . . . . . Actions | -11 -10 -9 -9 -9 -7 -6 --------- Run | Scr Mat Mat Sto Rec Fac Fac Total 8403 | 84 896 1206 928 518 2180 2591 Wait 701 | . 125 93 112 132 186 53 Move 7116 | 71 676 930 766 376 1862 2435 Hop 43 | . . 3 5 1 19 15 Pick Up 62 | 6 17 20 1 . 7 11 Fast Attach 32 | 2 . 6 4 1 13 6 Attach 44 | 4 3 19 . . 7 11 Detach 1 | . . . . . 1 . Swap 20 | 1 10 5 2 . 2 . Drop 40 | . 5 19 5 1 9 1 Fire 166 | . 60 106 . . . . Melee 133 | . . 5 33 7 36 52 Ram . | . . . . . . . Kick . | . . . . . . . Crush . | . . . . . . . Escape Stasis 45 | . . . . . 38 7 Rewire . | . . . . . . . Trap . | . . . . . . . Miscellaneous . | . . . . . . . Route ------- -11/Scrapyard -10/Materials (discovered 4 exits: *Mat x3 / *Min) -9/Materials (discovered 5 exits: [*Mat x2] / [*Min] / *Sto x2) -9/Storage (discovered 2 exits: [*Mat] / *Rec) -9/Recycling -7/Factory (discovered 6 exits: *Fac x4 / [*Low x2]) -6/Factory (discovered 6 exits: *Fac x4 / *Low x2) History --------- Turn | Location | Event 23 | -11/Scrapyard | Discovered new exit (range 15) 75 | -11/Scrapyard | Entered Materials 241 | -10/Materials | Discovered new exit (range 5) 314 | -10/Materials | Build established: Mutant 420 | -10/Materials | Discovered new exit (range 8) 483 | -10/Materials | Discovered new exit (range 5) 645 | -10/Materials | Discovered new exit (range 8) 811 | -10/Materials | Identified exit to Mines 1059 | -10/Materials | Entered another Materials area 1059 | -9/Materials | Evolved 2 slots: Utility x2 1136 | -9/Materials | Discovered new exit (range 17) 1215 | -9/Materials | Discovered new exit (range 15) 1280 | -9/Materials | Discovered new exit (range 8) 1574 | -9/Materials | Discovered new exit (range 17) 1657 | -9/Materials | Lost 3 parts (1p2n) 1852 | -9/Materials | Discovered new exit (range 11) 1987 | -9/Materials | Build established: Scavenger-Mutant 2268 | -9/Materials | Core integrity fell below 50% 2372 | -9/Materials | Lost 4 parts (1p2n1w) 2429 | -9/Materials | Entered Storage 2542 | -9/Storage | Met 01-MTF 2624 | -9/Storage | Identified exit to Recycling 2723 | -9/Storage | Build established: Hacker-Mutant 2738 | -9/Storage | Discovered new exit (range 7) 2848 | -9/Storage | Garrison activated, responded to threat 2930 | -9/Storage | Entered Recycling 2930 | -9/Recycling | Accompanied by 2 allies (01-MTF) 2932 | -9/Recycling | Spotter reported a threat 2936 | -9/Recycling | 01-MTF left 3000 | -9/Recycling | Spotter reported a threat 3008 | -9/Recycling | Spotter reported a threat 3008 | -9/Recycling | Spotter reported a threat 3027 | -9/Recycling | Spotter reported a threat 3027 | -9/Recycling | Spotter reported a threat 3030 | -9/Recycling | Spotter reported a threat 3053 | -9/Recycling | Spotter reported a threat 3059 | -9/Recycling | Spotter reported a threat 3061 | -9/Recycling | Spotter reported a threat 3061 | -9/Recycling | Spotter reported a threat 3080 | -9/Recycling | Spotter reported a threat 3081 | -9/Recycling | Spotter reported a threat 3081 | -9/Recycling | Discovered new exit (range 18) 3083 | -9/Recycling | Spotter reported a threat 3106 | -9/Recycling | Spotter reported a threat 3114 | -9/Recycling | Spotter reported a threat 3133 | -9/Recycling | Spotter reported a threat 3134 | -9/Recycling | Spotter reported a threat 3136 | -9/Recycling | Spotter reported a threat 3183 | -9/Recycling | Spotter reported a threat 3225 | -9/Recycling | Entered Factory 3225 | -7/Factory | Accompanied by 1 ally 3225 | -7/Factory | Evolved 4 slots: Utility x4 3419 | -7/Factory | Fabricated Hacking Suite? 3448 | -7/Factory | Fabricated Hacking Suite? 3625 | -7/Factory | Search patrols dispatched 3661 | -7/Factory | Discovered new exit (range 3) 3726 | -7/Factory | Lost 4 parts (2n2u) 3755 | -7/Factory | Identified exit to Factory 3855 | -7/Factory | Fabricated Hacking Suite? 3923 | -7/Factory | Fabricated Hacking Suite? 4009 | -7/Factory | Repaired Spear? 4025 | -7/Factory | Search patrols dispatched 4027 | -7/Factory | Fabricated Hacking Suite (x1) 4048 | -7/Factory | Build established: Wizard-Mutant 4100 | -7/Factory | Discovered new exit (range 10) 4177 | -7/Factory | Fabricated H-55 Commando? 4226 | -7/Factory | Entered another Factory area 4226 | -6/Factory | Accompanied by 3 allies 4226 | -6/Factory | Evolved 2 slots: Utility x2 4399 | -6/Factory | Discovered new exit (range 11) 4455 | -6/Factory | Identified exit to Factory 4473 | -6/Factory | Identified exit to Lower Caves 4506 | -6/Factory | Hacking Suite fried by hacking feedback 4559 | -6/Factory | Fabricated Adv. Hacking Suite? 4764 | -6/Factory | Lost 6 parts (1p2n3u) 4802 | -6/Factory | Fabricated Adv. Hacking Suite? 4857 | -6/Factory | Central database locked down 4889 | -6/Factory | Found Prototype Processor 4890 | -6/Factory | Identified Exp. Targeting Computer 4899 | -6/Factory | Spotted B-75 Beast 4901 | -6/Factory | Core integrity fell below 50% 4910 | -6/Factory | Fabricated Adv. Hacking Suite? 4950 | -6/Factory | System Shield fried by hacking feedback 5003 | -6/Factory | Fabricated Adv. Hacking Suite? 5012 | -6/Factory | Lost 5 parts (1n3u1w) 5028 | -6/Factory | Build established: Hacker-Mutant 5199 | -6/Factory | Core integrity fell below 20% 5307 | -6/Factory | Destroyed by Y-54 Guardian with Flak Gun Last Messages --------------- 05227_ Acquired Cesium-ion Thruster. 05238_ W-25 Informer sends out distress signal. 05240_ Adv. Hacking Suite destroyed. 05240_ Cld. VTOL Module destroyed. 05240_ Knocked back. 05274_ Connecting with Fabricator... >>Load(H-55 Commando) Uploading H-55 Commando schematic... Loaded successfully: H-55 Commando Tier: 3 Time: 116 Initiate build sequence. >>Build Building H-55 Commando... ETC: 116 05274_ ALERT: Unauthorized use of fabrication network. Dispatching investigation squad. 05282_ Acquired Adv. Melee Analysis Suite. 05285_ System corrupted: Heat flow error (+299). Map ----- +----------------------------------------------------+ | + """""" # #??????????# # # ][ + | | # """""" # #??????????# ####### [ # | | # # #??????????# #?????# # | | ############# #??????????# #?????# # | | #??????????# #?????# # | | #?????????##+################ | | """ #?????????# # | | F " +?????????# """ """""" + | | #?????????# """ """""" # | | ^ ??????????# """ """""" # | | ????????????# """""" # | | """"""" #??????????????# # | | """"""" #??????????????# | # | | """"""" #??????????????################### | | """"""" #????????????????????????????????? | | #????????????????????????????????? | | #################????????????????? | | # ** ## """ #?????????????????? | | + ** ## """ #?????????????????? | | ###+######## # ** ## """ #?????????????????? | | # #???# ########## #?????????????????? | | #"""" #???# + #?????????????????? | | #"""" !#??##+######## # | #?????????????????? | | #"""" #??# ##Y########?????????????????? | | #"""" #??# "" # ########????????????????? | | # #??# "" + !@ #????????????????? | | ########??# """ # ###### #????????????????? | | ??????????# """ ## ##???????????????????????? | | ??????????# """ ## #????????????????????????? | | ??????????# + #????????????????????????? | | ??????????# ####????????????????????????? | | ????????????# #???????????????????????????? | | ????????????##########???????????????????????????? | | ?????????????????????????????????????????????????? | | ?????????????????????????????????????????????????? | | ?????????????????????????????????????????????????? | | ??????o??????????????????????????????????????????? | | ?????????????????????????????????????????????????? | | ?????????????????????????????????????????????????? | | ?????????????????????????????????????????????????? | | ?????????????????????????????????????????????????? | | ?????????????????????????????????????????????????? | | ?????????????????????????????????????????????????? | | ?????????????????????????????????????????????????? | | ?????????????????????????????????????????????????? | | ?????????????????????????????????????????????????? | | | | | | | | | +----------------------------------------------------+ Best States ------------- Heat Dissipation 39 Energy Generation 15 Energy Capacity 250 Matter Stores 300 Matter Capacity 300 Sight Range 22 Robot Scan Range 15 Terrain Scan Density 10 Evasion (%) 73 Melee Accuracy 13 Offensive Hacking 54 Defensive Hacking 40 Item Schematics ----------------- Hacking Suite | -7/Factory | Hacked Adv. Hacking Suite | -6/Factory | Hacked Adv. System Shield | -6/Factory | Hacked Adv. Melee Analysis Suite | -6/Factory | Hacked Robot Schematics ------------------ H-55 Commando | -7/Factory | Hacked P-60 Hacker | -6/Factory | Hacked Fabricated ------------ Hacking Suite | x1 | -7/Factory Hacking Suite | x1 | -7/Factory Hacking Suite | x1 | -7/Factory Hacking Suite | x1 | -7/Factory Hacking Suite | x1 | -7/Factory H-55 Commando | x2 | -7/Factory Adv. Hacking Suite | x1 | -6/Factory Adv. Hacking Suite | x1 | -6/Factory Adv. Hacking Suite | x1 | -6/Factory Adv. Hacking Suite | x1 | -6/Factory Alien Tech Used ----------------- None Achievements -------------- \\IAMDERELICT Challenges ------------ None Game ------ Seed HardcellAdvancedSword Manual? 0 Play Time 01:44:25 Cumulative 43.0 hours Start 2022.03.26 @ 20:16:58 End 2022.03.26 @ 22:32:26 Sessions 1 Manual Loads 0 Difficulty Rogue Special Mode None Game No. 16 Rogue 16 Adventurer 0 Explorer 0 Win Type - Total 1 Types 0/0/0/1/0/0/0/0/0 Lore% 31 Gallery% 31 Achievement% 37 Wizard Run 0 Options --------- ASCII 0 Keyboard 0 Movement Mouse Keybinds 0 Fullscreen 2 Font 18/TerminusBold Map View 76x50 Tactical HUD 1 Map Filters NONE Filters NONE Steam 1 RUN: 1535a4d2-34ad-47eb-a24b-df6bc7696d9e